 Dungeon Crawl Stone Soup version 0.30-a0-165-g1891117ce2 (webtiles) character file.

Game seed: 18391262661433541975

205 qw the Chopper (level 5, -4/32 HPs)
             Began as a Gargoyle Fighter on Sept 28, 2022.
             Slain by an orc priest
             ... wielding a +0 whip
              (5 damage)
             ... on level 3 of the Dungeon.
             The game lasted 00:01:10 (3041 turns).

qw the Chopper (Gargoyle Fighter)                   Turns: 3041, Time: 00:01:11

Health: -4/32      AC: 10    Str: 27    XL:     5   Next: 83%
Magic:  5/5        EV:  9    Int:  9    God:
Gold:   159        SH:  4    Dex:  9    Spells: 4/4 levels left

rFire   + . .      SeeInvis .    Y - +0 war axe
rCold   . . .      Faith    .    c - +0 buckler
rNeg    + . .      Spirit   .    b - +0 scale mail
rPois   inf        Reflect  .    (no helmet)
rElec   +          Harm     .    (no cloak)
rCorr   .          Rampage  .    (no gloves)
Will    .....                    (no boots)
Stlth   ..........               (no amulet)
HPRegen 0.10/turn                g - ring of protection from fire
MPRegen 0.09/turn                m - +6 ring of strength

@: no status effects
A: sickness immunity, AC +4, negative energy resistance 1, electricity
resistance, torment resistance 1, petrification resistance
a: no special abilities


You were on level 3 of the Dungeon.
You visited 1 branch of the dungeon, and saw 3 of its levels.

You collected 159 gold pieces.


Innate Abilities, Weirdness & Mutations

You are immune to sickness and miasma.
Your stone body is resilient. (AC +4)
You are immune to poison.
You resist negative energy. (rN+)
You are resistant to electric shocks. (rElec)
You are resistant to unholy torment.
You are immune to petrification.


   Skills:
 + Level 3.2 Fighting
 - Level 5.0 Axes
 - Level 1.0 Throwing
 - Level 3.2 Armour
 - Level 1.0 Dodging
 - Level 3.2 Shields


You had 4 spell levels left.
You didn't know any spells.
Your spell library was empty.

Inventory:

Hand Weapons
 l - a +0 flail
 Y - a +0 war axe (weapon)
Missiles
 s - 2 silver javelins (quivered)
Armour
 b - a +0 scale mail (worn)
 c - a +0 buckler (worn)
 q - a +0 plate armour
Jewellery
 g - a ring of protection from fire (left hand)
 m - a +6 ring of strength (right hand)
Scrolls
 a - a scroll of teleportation {unknown}
 i - 3 scrolls of identify
 j - a scroll of immolation {unknown}
 n - a scroll of summoning {unknown}
 p - a scroll of enchant weapon {unknown}
 r - a scroll of vulnerability {unknown}
Potions
 d - a potion of might
 e - a potion of heal wounds {unknown}
 f - a potion of flight {unknown}
 h - a potion of invisibility {unknown}
 k - a potion of haste
 o - a potion of resistance {unknown}

Dungeon Overview and Level Annotations

Branches:
Dungeon (3/15)

Altars:
Yredelemnul


Message History

You feel less confused.
Things that are here:
a +0 dagger; a +0 robe You hit the orc wizard.
The orc wizard is moderately wounded.
You closely miss the orc wizard.
The orc wizard is moderately wounded.
You miss something. You block the orc wizard's attack.
Something hits you but does no damage.
You hit the orc wizard.
The orc wizard is moderately wounded.
You closely miss something.
The orc wizard hits you but does no damage.
Something hits you.
You hit the orc wizard but do no damage.
The orc wizard is moderately wounded.
You slash something!
The orc wizard hits you with a +0 dagger.
You hear some strange, mumbled words.
A magic dart appears from out of thin air!
The magic dart hits you.
The orc wizard hits you but does no damage.
Something hits you but does no damage.
You slash the orc wizard!
You kill the orc wizard!
You barely miss something. Something hits you but does no damage.
Your Dodging skill increases to level 1!
You barely miss something.
The orc priest looks satisfied for a moment.
The orc priest hits you with a +0 whip. Something hits you but does no damage.
You closely miss the orc priest. You closely miss something.
The orc priest hits you but does no damage.
Something hits you but does no damage. The orc priest barely misses you.
Something hits you.
You barely miss the orc priest. You closely miss something.
You block the orc priest's attack. Something hits you but does no damage.
You barely miss the orc priest. You closely miss something.
The orc priest hits you with a +0 whip.
You die...

..)..#
#.##..#
######
..##.)# #
.###>.# #..#
#..# #####
#..#
......###).#
........)).#
###...###@##
#... #o#
#... #)#
..........#
....o.....#
. ........#
.......##
######
.....#.
.....#
#...##.


You could see an orc priest.

Vanquished Creatures
  An orc priest (D:3)
  3 orc wizards (D:3)
  3 gnolls (D:3)
  3 worms
  5 orcs (D:3)
  9 endoplasms
  A giant cockroach (D:3)
  4 hobgoblins
  2 jackals (D:3)
  6 ball pythons
  6 bats
  A frilled lizard (D:1)
  A goblin (D:1)
  11 kobolds
  6 rats
62 creatures vanquished.

Notes
Turn   | Place    | Note
-------+----------+-------------------------------------------
     0 | D:1      | qw the Gargoyle Fighter began the quest for the Orb.
     0 | D:1      | Reached XP level 1. HP: 14/14 MP: 1/1
     0 | D:1      | 0 ||| qw: Version: 0.2-a-12-gaebbb33
     0 | D:1      | 0 ||| qw: Game counter: 840
     0 | D:1      | 0 ||| qw: Always use a shield: true
     0 | D:1      | 0 ||| qw: God list: Okawaru
     0 | D:1      | 0 ||| qw: Allow faded altars: false
     0 | D:1      | 0 ||| qw: Do Orc after D:15 true
     0 | D:1      | 0 ||| qw: Do second Lair branch before Depths: true
     0 | D:1      | 0 ||| qw: Lair rune preference: random
     0 | D:1      | 0 ||| qw: Plans: Normal, Zot:1-4, God:TSO, Crypt, Tomb,
                  | Pan, Slime:5, Hells, Abyss, Orb
     0 | D:1      | 0 ||| PLANNING D:1-11
    24 | D:1      | 24 ||| Stepping ~*~*~tactically~*~*~ (stealth).
    30 | D:1      | Reached skill level 2 in Axes
   189 | D:1      | Reached XP level 2. HP: 19/19 MP: 2/2
   516 | D:1      | 516 ||| Stepping ~*~*~tactically~*~*~ (stealth).
   572 | D:1      | Reached skill level 3 in Axes
   854 | D:1      | 854 ||| UPGRADING to ring of protection from fire.
   855 | D:1      | 855 ||| READING 3 scrolls labelled VETIDW NIOKE.
   856 | D:1      | 856 ||| READING scroll labelled NAIVVE LATE.
   857 | D:1      | 857 ||| READING 2 scrolls labelled EFEBRIWKEL.
   858 | D:1      | 858 ||| DROPPING 2 scrolls of amnesia.
   859 | D:1      | 859 ||| DROPPING scroll of poison.
   895 | D:2      | Reached XP level 3. HP: 23/23 MP: 3/3
  1082 | D:2      | Found the +4 robe of Augmentation {Str+4 Int+4 Dex+4}
  1083 | D:2      | 1083 ||| Stepping ~*~*~tactically~*~*~ (stealth).
  1186 | D:2      | Found a faded altar of an unknown god.
  1799 | D:2      | 1799 ||| UPGRADING to +6 ring of strength.
  1800 | D:2      | 1800 ||| READING 2 scrolls labelled YSAHUSTRIKU.
  1801 | D:2      | 1801 ||| READING scroll labelled YFEENASUASH.
  1802 | D:2      | 1802 ||| DRINKING 2 inky potions.
  1803 | D:2      | 1803 ||| DRINKING 2 silvery potions.
  1804 | D:2      | 1804 ||| DROPPING scroll of magic mapping.
  2011 | D:3      | 2011 ||| Stepping ~*~*~tactically~*~*~ (stealth).
  2103 | D:3      | 2103 ||| DRINKING 2 potions of curing.
  2103 | D:3      | 2103 ||| (to cure confusion)
  2107 | D:3      | Reached XP level 4. HP: 18/28 MP: 4/4
  2108 | D:3      | 2108 ||| DRINKING potion of curing.
  2108 | D:3      | 2108 ||| (to cure confusion)
  2121 | D:3      | Reached skill level 4 in Axes
  2340 | D:3      | Reached skill level 1 in Throwing
  2347 | D:3      | 2347 ||| FLEEEEING.
  2348 | D:3      | 2348 ||| FLEEEEING.
  2349 | D:3      | 2349 ||| FLEEEEING.
  2350 | D:3      | 2350 ||| FLEEEEING.
  2351 | D:3      | 2351 ||| FLEEEEING.
  2352 | D:3      | 2352 ||| FLEEEEING.
  2353 | D:3      | 2353 ||| FLEEEEING.
  2354 | D:3      | 2354 ||| FLEEEEING.
  2355 | D:3      | 2355 ||| FLEEEEING.
  2356 | D:3      | 2356 ||| FLEEEEING.
  2357 | D:3      | 2357 ||| FLEEEEING.
  2358 | D:3      | 2358 ||| FLEEEEING.
  2359 | D:3      | 2359 ||| FLEEEEING.
  2360 | D:3      | 2360 ||| FLEEEEING.
  2361 | D:3      | 2361 ||| FLEEEEING.
  2362 | D:3      | 2362 ||| FLEEEEING.
  2363 | D:3      | 2363 ||| FLEEEEING.
  2364 | D:3      | 2364 ||| FLEEEEING.
  2365 | D:3      | 2365 ||| FLEEEEING.
  2366 | D:3      | 2366 ||| FLEEEEING.
  2367 | D:3      | 2367 ||| FLEEEEING.
  2368 | D:3      | 2368 ||| FLEEEEING.
  2369 | D:3      | 2369 ||| FLEEEEING.
  2370 | D:3      | 2370 ||| FLEEEEING.
  2371 | D:3      | 2371 ||| FLEEEEING.
  2372 | D:3      | 2372 ||| FLEEEEING.
  2373 | D:3      | 2373 ||| FLEEEEING.
  2374 | D:3      | 2374 ||| FLEEEEING.
  2375 | D:3      | 2375 ||| FLEEEEING.
  2385 | D:3      | Reached XP level 5. HP: 28/32 MP: 5/5
  2421 | D:3      | 2421 ||| DROPPING +0 whip.
  2506 | D:3      | 2506 ||| Stepping ~*~*~tactically~*~*~ (hiding).
  2514 | D:3      | HP: 8/32 [orc priest/nerve-wracking pain (6)]
  2821 | D:3      | Found a basalt altar of Yredelemnul.
  2988 | D:3      | 2988 ||| Stepping ~*~*~tactically~*~*~ (hiding).
  2989 | D:3      | 2989 ||| Stepping ~*~*~tactically~*~*~ (hiding).
  2990 | D:3      | 2990 ||| Stepping ~*~*~tactically~*~*~ (hiding).
  2992 | D:3      | 2992 ||| Stepping ~*~*~tactically~*~*~ (hiding).
  3007 | D:3      | 3007 ||| Stepping ~*~*~tactically~*~*~ (stealth).
  3009 | D:3      | 3009 ||| Stepping ~*~*~tactically~*~*~ (hiding).
  3011 | D:3      | 3011 ||| Stepping ~*~*~tactically~*~*~ (hiding).
  3021 | D:3      | Reached skill level 5 in Axes
  3034 | D:3      | HP: 8/32 [something (3)]
  3035 | D:3      | HP: 2/32 [something/magic dart (5)]
  3037 | D:3      | Reached skill level 1 in Dodging
  3041 | D:3      | Slain by an orc priest

Levels and vault maps discovered:
D:1:      grunt_arrival_lava_bath, layout_loops_ring
D:2:      layout_loops_cross, dreamdust_ecumenical_altar_hidden_monk_grotto
D:3:      layout_loops_ring, mainiacjoe_overflow_six_doors_small

Skill      XL: |  1  2  3  4  5 |
---------------+----------------+-----
Axes           | 2 3 4 5 |  5.0
Throwing       | 1 |  1.0
Dodging        | 1 |  1.0
Fighting       | |  3.2
Armour         | |  3.2
Shields        | |  3.2

Action                   |  1- 3 |  4- 6 || total
-------------------------+-------+-------++-------
Melee: War axe           |   126 |    53 ||   179
Throw: Javelin           |     7 |     2 ||     9
  Use: Scroll            |     5 |       ||     5
       Potion            |     3 |     1 ||     4
Armor: Scale mail        |    74 |    35 ||   109
Dodge: Dodged            |    48 |    18 ||    66
Block: Buckler           |    24 |     9 ||    33

Table legend:
 A = Non-vault XP
 B = Vault XP
 C = Vault XP percentage of total XP
 D = Non-vault monster count
 E = Vault monster count
 F = Vault count percentage of total count
                 A         B        C        D         E       F
            +---------+---------+-------+---------+---------+-------
      Total |     294 |       0 |   0.0 |      62 |       0 |   0.0
            +---------+---------+-------+---------+---------+-------
        D:1 |      32 |       0 |   0.0 |      24 |       0 |   0.0
        D:2 |      31 |       0 |   0.0 |      14 |       0 |   0.0
        D:3 |     231 |       0 |   0.0 |      24 |       0 |   0.0
            +---------+---------+-------+---------+---------+-------
